 Dungeon Crawl Stone Soup version 0.31.0-32-g396128a36d (webtiles) character file.

Game seed: 14926925576578755182

2520 KittyFluff the Changeling (level 9, -16/85 HPs)
             Began as a Troll Shapeshifter on Apr 13, 2024.
             Was a Believer of Trog.
             Demolished by an orc warrior
             ... wielding a +1 halberd of protection
              (20 damage)
             ... on level 7 of the Dungeon.
             The game lasted 00:23:11 (4998 turns).

KittyFluff the Changeling (Troll Shapeshifter)      Turns: 4998, Time: 00:23:12

Health: -16/85     AC:  4    Str: 28    XL:     9   Next: 29%
Magic:  8/8        EV: 10    Int:  6    God:    Trog [**....]
Gold:   300        SH:  0    Dex:  9    Spells: 8/8 levels left

rFire   . .          .
                       - Unarmed
rCold   . . .        (no shield)
rNeg    . . .        n - +0 robe
rPois   .            (helmet currently unavailable)
rElec   .            (cloak currently unavailable)
rCorr   .            (gloves unavailable)
SInv    +            (boots unavailable)
Will    .....        H - amulet of regeneration
Stlth   +            q - ring of see invisible
HPRegen 1.94/turn    (no ring)
MPRegen 0.11/turn

%: no passive effects
@: beast-form
A: beast (slay +4), large, unfitting armour, claws 3, regeneration 1, shaggy fur
1, tough skin 1
a: Begin Untransformation, Renounce Religion, Berserk, Trog's Hand


You were on level 7 of the Dungeon.
You worshipped Trog.
Trog was pleased with you.
You were a hulking beast.
You visited 1 branch of the dungeon, and saw 7 of its levels.

You collected 300 gold pieces.

Inventory:

Hand Weapons
 g - a +0 whip
 j - a +0 spear
 m - a +0 sling
 K - a +2 mace
 L - a +0 shortbow
 N - a +0 orcbow
 O - the +7 falchion "Zove Hum" {drain, *Rage rPois Str+2 Int+3}
   (You found it on level 7 of the Dungeon)

   Str+2:     It affects your strength (+2).
   Int+3:     It affects your intelligence (+3).
   rPois:     It protects you from poison *Rage: It berserks you when you make
   melee attacks (+20% chance).
Missiles
 l - 43 stones (quivered)
 B - 15 poisoned darts
Armour
 n - a +0 robe (worn)
 A - a +0 hat
Jewellery
 k - a ring of fire
 q - a ring of see invisible (left claw)
 C - an amulet of guardian spirit
 G - an amulet of magic regeneration
 H - an amulet of regeneration (around neck)
Talismans
 c - a beast talisman
 d - a flux talisman
 J - a maw talisman
Wands
 v - a wand of mindburst (12)
 x - a wand of roots (10)
Scrolls
 a - 3 scrolls of amnesia {unknown}
 e - a scroll of acquirement {unknown}
 h - 2 scrolls of fog {unknown}
 o - 2 scrolls of enchant armour {unknown}
 p - 4 scrolls of teleportation
 t - 2 scrolls of blinking {unknown}
 w - 3 scrolls of revelation {unknown}
 y - a scroll of noise {unknown}
 D - a scroll of poison
 E - a scroll of silence
 F - 2 scrolls of immolation {unknown}
 I - a scroll of enchant weapon {unknown}
Potions
 b - 2 potions of lignification
 f - 6 potions of haste
 i - 5 potions of curing
 r - a potion of might {unknown}
 s - a potion of magic {unknown}
 u - a potion of enlightenment {unknown}
 z - 2 potions of heal wounds
 M - a potion of mutation {unknown}


   Skills:
 + Level 4.3 Fighting
 + Level 3.7 Throwing
 + Level 4.5 Dodging
 + Level 6.0 Unarmed Combat
 * Level 7.6 Shapeshifting


You had 8 spell levels left.
You didn't know any spells.
Your spell library contained the following spells:

 Spells                   Type           Power      Damage    Failure   Level
 Jinxbite                 Hex            0%         N/A       58%         2
 Dazzling Flash           Conj/Hex       0%         N/A       83%         3
 Frozen Ramparts          Ice            0%         1d1       83%         3
 Volatile Blastmotes      Fire/Tloc      0%         2d10      83%         3
 Leda's Liquefaction      Alch/Erth      0%         N/A       99%         4
 Petrify                  Alch/Erth      0%         N/A       99%         4
 Metabolic Englaciation   Hex/Ice        0%         N/A       100%        5
 Yara's Violent Unravell  Hex/Alch       0%         3d3       100%        5
 Starburst                Conj/Fire      0%         6d3       100%        6
 Enfeeble                 Hex            0%         N/A       100%        7
 Maxwell's Capacitive Co  Air            0%         ∞         100%        8


Dungeon Overview and Level Annotations

Branches:
Dungeon (7/15)
 Temple: D:4-7

Altars:
Ru
Sif Muna
Trog
Wu Jian
Xom
Yredelemnul

Shops:
D:7 *


Innate Abilities, Weirdness & Mutations

You are a hulking beast.
Your limbs bulge with bestial killing power. (Slay +4)
You are too large for most types of armour.
You have claws for hands.
Your natural rate of healing is unusually fast.
You are covered in fur. (AC +1)
You have tough skin. (AC +1)


Message History

The orc warrior hits you with a +1 halberd of protection!
You scratch the orc.
The orc is moderately wounded.
The orc hits you but does no damage.
The orc warrior hits you with a +1 halberd of protection!!
You scratch the orc.
The orc is almost dead.
The orc closely misses you.
The orc warrior hits you with a +1 halberd of protection.
The orc warrior closely misses you.
You claw the orc!
You kill the orc!
Trog accepts your kill.
The orc warrior hits you from afar with a +1 halberd of protection!
The orc warrior hits you with a +1 halberd of protection!!
* * * LOW HITPOINT WARNING * * *
Things that are here:
a +0 flail; 3 boomerangs; an orc corpse You closely miss the orc warrior.
The orc warrior hits you with a +1 halberd of protection.
* * * LOW HITPOINT WARNING * * *
You closely miss the orc warrior. The orc warrior completely misses you.
You claw the orc warrior! Your claw misses the orc warrior.
The orc warrior is heavily wounded.
The orc warrior barely misses you.
You barely miss the orc warrior.
The orc warrior is heavily wounded.
You barely miss the orc warrior.
You claw the orc warrior, but do no damage.
The orc warrior is heavily wounded.
The orc warrior hits you with a +1 halberd of protection!
* * * LOW HITPOINT WARNING * * *
You scratch the orc warrior but do no damage.
The orc warrior is heavily wounded.
The orc warrior hits you with a +1 halberd of protection.
* * * LOW HITPOINT WARNING * * *
You claw the orc warrior!
The orc warrior is almost dead.
The orc warrior hits you with a +1 halberd of protection!!
You die...

######### ###### #.......#
#....#### #.......#####.##....###
#.......oh.#...#......#
#.......##...∩......#.#
#.......####...#....#.# #.......#
##.##....#.# #.......#
#.......#.# #.>.....#
#.......#.#### #..?....#
#.^..........#
##########+##############.......#
..............)........†........>


You could see an orc warrior.

Vanquished Creatures
  The ghost of middlethird the Thaumaturge, a novice VSIE (D:5)
  A water moccasin (D:6)
  A sky beast (D:6)
  3 black bears
  3 ogres
  3 phantoms
  2 centaurs
  A bullfrog (D:7)
  A scorpion (D:6)
  3 wights (D:6)
  4 killer bees (D:7)
  3 jellies
  An orc priest (D:6)
  A bombardier beetle (D:4)
  5 hounds
  5 iguanas
  A sleepcap (D:5)
  8 adders
  A white imp (D:6)
  2 ufetubi (D:6)
  3 dart slugs
  2 ribbon worms
  10 orcs
  5 endoplasms
  4 giant cockroaches
  5 hobgoblins
  6 jackals
  7 kobolds
  6 quokkas
  12 ball pythons
  6 bats
  5 frilled lizards
  4 goblins
  5 rats
130 creatures vanquished.

Notes
Turn   | Place    | Note
-------+----------+-------------------------------------------
     0 | D:1      | KittyFluff the Troll Shapeshifter began the quest for the
                  | Orb.
     0 | D:1      | Reached XP level 1. HP: 18/18 MP: 0/0
   217 | D:1      | Reached skill level 1 in Fighting
   264 | D:1      | Reached XP level 2. HP: 27/27 MP: 1/1
   855 | D:2      | Reached XP level 3. HP: 33/33 MP: 2/2
   863 | D:2      | Found an ornate altar of the Wu Jian Council.
  1325 | D:2      | Reached XP level 4. HP: 41/41 MP: 3/3
  1938 | D:3      | Found a shimmering blue altar of Sif Muna.
  1940 | D:3      | Found a bloodstained altar of Trog.
  1949 | D:3      | Became a worshipper of Trog the Wrathful
  2075 | D:3      | Found a shimmering altar of Xom.
  2075 | D:3      | Found a sacrificial altar of Ru.
  2447 | D:4      | Reached skill level 4 in Shapeshifting
  2511 | D:4      | Noticed a phantom
  2528 | D:4      | Killed a phantom
  2529 | D:4      | Reached XP level 5. HP: 47/49 MP: 2/4
  2624 | D:4      | Reached XP level 6. HP: 54/57 MP: 1/5
  2659 | D:4      | Reached * piety under Trog
  2790 | D:5      | Entered Level 5 of the Dungeon
  2889 | D:5      | Reached skill level 5 in Shapeshifting
  3001 | D:5      | Reached XP level 7. HP: 54/66 MP: 6/6
  3268 | D:5      | Found a runed translucent door.
  3270 | D:5      | Noticed middlethird's ghost (novice VSIE)
  3289 | D:5      | Killed middlethird's ghost
  3290 | D:5      | Reached skill level 1 in Throwing
  3326 | D:5      | Found a runed translucent door.
  3429 | D:5      | Reached skill level 6 in Shapeshifting
  3678 | D:5      | Reached skill level 5 in Unarmed Combat
  3678 | D:5      | Reached XP level 8. HP: 62/75 MP: 7/7
  4242 | D:6      | Reached ** piety under Trog
  4262 | D:6      | Reached skill level 7 in Shapeshifting
  4318 | D:6      | Reached XP level 9. HP: 55/84 MP: 8/8
  4707 | D:7      | Found an ornate altar of the Wu Jian Council.
  4800 | D:7      | Identified the +7 falchion "Zove Hum" {drain, *Rage rPois
                  | Str+2 Int+3}
  4845 | D:7      | Found a basalt altar of Yredelemnul.
  4949 | D:7      | Found Nioq's Gadget Gallery.
  4997 | D:7      | HP: 2/85 [orc warrior/+1 halberd of protection (5)]
  4998 | D:7      | Demolished by an orc warrior

Illustrated notes

Levels and vault maps discovered:
D:1:      onia_arrival_mini_maze_b, layout_basic
D:2:      layout_basic, basic_altar, kennysheep_small_spiral,
          minmay_pentomino_p4
D:3:      layout_loops_ring, hellmonk_overflow_destroyed_library,
          jmf_multi_god_temple
D:4:      layout_rooms
D:5:      layout_basic, ebering_ghost_sewer_f, kennysheep_generic_room_7
D:6:      layout_loops_cross
D:7:      layout_basic, mainiacjoe_overflow_chevrons,
          mainiacjoe_overflow_alcove_2, minmay_temple_entry_fiery,
          gammafunk_ghost_stat_death, serial_shops, shop, nicolae_shop_gadgets

Skill      XL: |  1  2  3  4  5  6  7  8  9 |
---------------+----------------------------+-----
Fighting       | 1 2 3 4 |  4.3
Dodging        | 2 3 4 |  4.5
Shapeshifting  | 4 5 6 7 |  7.6
Unarmed Combat | 4 5 6 |  6.0
Throwing       | 2 3 |  3.7

Action                     |  1- 3 |  4- 6 |  7- 9 || total
---------------------------+-------+-------+-------++-------
  Melee: Unarmed           |    68 |   109 |   155 ||   332
         Punch             |     1 |     4 |     4 ||     9
  Throw: Stone             |       |     5 |       ||     5
    Use: Scroll            |       |     6 |       ||     6
   Stab: Sleeping          |     1 |       |       ||     1
 Armour: Animal skin       |    15 |       |       ||    15
         Robe              |    19 |    59 |   130 ||   208
  Dodge: Dodged            |    29 |    57 |    61 ||   147
